 Dungeon Crawl Stone Soup version 0.28-a0-1038-g9c4cb8273d (webtiles) character file.

Game seed: 9619147214727799299

5136 spaghetti the Slicer (level 10, -1/74 HPs)
             Began as a Palentonga Fighter on Dec 8, 2021.
             Was an Initiate of Ashenzari.
             Slain by a five-headed hydra (2 damage)
             ... on level 2 of the Lair of Beasts.
             The game lasted 00:20:45 (11063 turns).

spaghetti the Slicer (Palentonga Fighter)          Turns: 11063, Time: 00:20:45

Health: -1/74      AC: 22    Str: 31    XL:     10   Next: 33%
Magic:  0/10       EV:  3    Int: 14    God:    Ashenzari [......]
Gold:   259        SH: 13    Dex: 11    Spells: 9/9 levels left

rFire   . . .      SeeInvis +   u - +1 scimitar (flame)
rCold   . . .      Faith    .   o - +2 tower shield
rNeg    + . .      Spirit   +   t - +0 pearl dragon scales
rPois   .          Reflect  .   (no helmet)
rElec   .          Harm     .   f - +1 cloak
rCorr   .          Rampage  .   s - +0 pair of gloves
Will    .....      Rage     1%  (no barding)
Stlth   ..........              h - amulet of guardian spirit
HPRegen 0.22/turn               p - +6 ring of strength
MPRegen 0.12/turn               j - +6 ring of intelligence

@: curled up, unable to read
A: large, rugged brown scales 3, see invisible, deformed body, roll 1, armoured
tail, reflexive curl, berserk 1, screaming 1, strong 1, inability to read while
threatened
a: Rolling Charge, Renounce Religion, Curse Item


You were on level 2 of the Lair of Beasts.
You worshipped Ashenzari.
Ashenzari was noncommittal.
You visited 2 branches of the dungeon, and saw 11 of its levels.

You collected 473 gold pieces.
You spent 214 gold pieces at shops.

Inventory:

Hand Weapons
 q - a +2 short sword of speed
 u - a +1 scimitar of flaming (weapon)
Missiles
 c - 3 throwing nets
Armour
 b - a +0 buckler
 f - a +1 cloak (worn)
 o - a +2 tower shield (worn)
 s - a +0 pair of gloves (worn)
 t - +0 pearl dragon scales (worn)
Jewellery
 h - an amulet of guardian spirit (around neck)
 i - a ring of protection from fire
 j - a +6 ring of intelligence (right hand)
 l - an amulet of regeneration
 p - a +6 ring of strength (left hand)
 r - an amulet of magic regeneration
 v - a ring of positive energy
Wands
 k - a wand of polymorph (1)
Scrolls
 d - 5 scrolls of amnesia
 g - 2 scrolls of identify
 n - a scroll of magic mapping
Potions
 a - a potion of flight
 e - 2 potions of curing
 m - a potion of lignification


   Skills:
 - Level 3.0 Fighting
 - Level 12.0 Short Blades
 + Level 7.3 Armour
 + Level 2.4 Shields
 - Level 5.1 Unarmed Combat


You had 9 spell levels left.
You didn't know any spells.
Your spell library contained the following spells:

 Spells                   Type           Power      Damage    Failure   Level
 Sandblast                Erth           0%         2d4       100%        1
 Blink                    Tloc           0%         N/A       100%        2
 Passwall                 Tmut/Erth      0%         N/A       100%        2
 Static Discharge         Conj/Air       0%         N/A       100%        2
 Lesser Beckoning         Tloc           0%         N/A       100%        3
 Stone Arrow              Conj/Erth      0%         3d7       100%        3
 Olgreb's Toxic Radiance  Pois           0%         N/A       100%        4
 Fireball                 Conj/Fire      0%         3d3       100%        5
 Iskenderun's Battlesphe  Conj           0%         2d6       100%        5
 Lightning Bolt           Conj/Air       0%         1d11      100%        5
 Manifold Assault         Tloc           0%         N/A       100%        5
 Conjure Ball Lightning   Conj/Air       0%         3x3d6     100%        6
 Orb of Destruction       Conj           0%         N/A       100%        7
 Ozocubu's Refrigeration  Ice            0%         4d5       100%        7
 Ignition                 Fire           0%         3d3       100%        8
 Maxwell's Capacitive Co  Air            0%         ∞         100%        8


Dungeon Overview and Level Annotations

Branches:
Dungeon (9/15)             Temple (0/1) D:5            Lair (1/6) D:9
    Orc (0/2) D:9

Altars:
Ashenzari
Dithmenos
Elyvilon
Hepliaklqana
Okawaru
Ru
Sif Muna
Trog
Wu Jian
Yredelemnul

Shops:
D:9 *

Annotations:
D:9 1 exclusion


Innate Abilities, Weirdness & Mutations

You are completely covered in rugged brown scales. (AC +3, +7% HP)
You have supernaturally acute eyesight. (SInv)
Armour fits poorly on your strangely shaped body.
You can roll at nearby foes to attack.
You have a long armoured tail.
You curl defensively after being hit. (AC +7*)
You tend to lose your temper in combat.
You occasionally shout uncontrollably at your foes.
Your muscles are strong. (Str +2)
You sometimes lose the ability to read scrolls when taking damage.


Message History

The six-headed hydra is almost dead.
The six-headed hydra bites you but does no damage.
The six-headed hydra bites you.
You block the six-headed hydra's attack.
The six-headed hydra bites you but does no damage.
The six-headed hydra bites you.
You block the six-headed hydra's attack.
You lop one of the six-headed hydra's heads off!
The flame cauterises the wound!
You hit the five-headed hydra. You burn the five-headed hydra.
You tail-slap the five-headed hydra.
The five-headed hydra is almost dead.
The five-headed hydra bites you.
* * * LOW HITPOINT WARNING * * *
The five-headed hydra bites you but does no damage.
The five-headed hydra barely misses you.
The five-headed hydra bites you!
* * * LOW HITPOINT WARNING * * *
The five-headed hydra bites you but does no damage. x2
You block the five-headed hydra's attack.
The five-headed hydra bites you but does no damage. x2
You block the five-headed hydra's attack.
You hit the five-headed hydra. You burn the five-headed hydra.
You tail-slap the five-headed hydra, but do no damage.
The five-headed hydra is almost dead.
The five-headed hydra bites you but does no damage. x3
The five-headed hydra bites you!
* * * LOW HITPOINT WARNING * * *
The five-headed hydra bites you.
* * * LOW HITPOINT WARNING * * *
You cannot read scrolls in your current state!
Unknown command.
Okay, then.
Press: ? - help, v - describe, . - travel
Here: a five-headed hydra (almost dead)
The floor, spattered with blood.
You barely miss the five-headed hydra.
The five-headed hydra is almost dead.
The five-headed hydra bites you but does no damage. x4
The five-headed hydra bites you.
You die...

###..# ....#
#....####
##..##...#
#...##...##
##..#.....#
##.........#
#.....D...##
##.....@...#
#..........##
#...........#
#..#.....#.##
#.#####.#.##
## #####


You could see a five-headed hydra.

Vanquished Creatures
  Erica (D:8)
  A vampire (D:9)
  4 steam dragons
  Menkaure (D:7)
  6 water moccasins
  A swamp drake (D:4)
  A sky beast (D:7)
  An orc warrior (D:9)
  A black bear (D:7)
  2 ogres (D:6)
  A necrophage (D:6)
  A centaur (D:6)
  A phantom (D:6)
  A kobold brigand (D:8)
  A gnoll sergeant (D:9)
  2 bullfrogs
  A wyvern skeleton (D:7)
  9 killer bees (D:9)
  13 wights
  An electric eel (D:9)
  2 howler monkeys
  A centaur zombie (D:5)
  2 orc priests
  3 hounds
  A centaur skeleton (D:6)
  A gnoll shaman (D:9)
  6 iguanas
  5 orc wizards
  A killer bee zombie (D:6)
  A hound skeleton (D:5)
  A howler monkey skeleton (D:4)
  12 gnolls
  13 adders
  3 shadow imps
  A white imp (D:7)
  2 adder skeletons
  2 worms
  3 dart slugs
  18 orcs
  A bat skeleton (D:2)
  9 endoplasms
  7 giant cockroaches
  16 goblins
  9 hobgoblins
  11 jackals
  11 kobolds
  A quokka (D:1)
  15 ball pythons
  A ball python skeleton (D:2)
  6 bats
  A frilled lizard (D:3)
  A jackal zombie (D:2)
  A quokka skeleton (D:2)
  A quokka zombie (D:2)
  3 rats
  A plant (D:9)
223 creatures vanquished.

Vanquished Creatures (others)
  2 gnolls (D:4)
  A hobgoblin (D:4)
  4 plants (D:9)
7 creatures vanquished.

Grand Total: 230 creatures vanquished

Notes
Turn   | Place    | Note
-------+----------+-------------------------------------------
     0 | D:1      | spaghetti the Palentonga Fighter began the quest for the
                  | Orb.
     0 | D:1      | Reached XP level 1. HP: 19/19 MP: 1/1
   280 | D:1      | Reached XP level 2. HP: 25/25 MP: 2/2
  1384 | D:1      | Reached XP level 3. HP: 29/31 MP: 1/3
  1717 | D:2      | Reached XP level 4. HP: 37/37 MP: 4/4
  2329 | D:3      | Reached skill level 5 in Unarmed Combat
  2439 | D:3      | Found a faded altar of an unknown god.
  2494 | D:3      | Prayed at the altar of an unknown god.
  2494 | D:3      | Became a worshipper of Ashenzari the Shackled
  2521 | D:3      | Found a basalt altar of Yredelemnul.
  2678 | D:3      | Reached XP level 5. HP: 43/43 MP: 5/5
  2776 | D:3      | Found an ornate altar of the Wu Jian Council.
  2971 | D:3      | Reached skill level 1 in Short Blades
  3403 | D:3      | Reached skill level 2 in Short Blades
  3790 | D:4      | Reached XP level 6. HP: 45/50 MP: 4/6
  3976 | D:4      | Noticed a swamp drake
  3976 | D:4      | an orc priest changed into a swamp drake
  4329 | D:4      | Gained mutation: You have a somewhat thin skeletal
                  | structure. (Dex +2, Stealth+) [potion of mutation]
  4329 | D:4      | Gained mutation: You tend to lose your temper in combat.
                  | [potion of mutation]
  4329 | D:4      | Gained mutation: You are partially covered in iridescent
                  | scales. (AC +2) [potion of mutation]
  4344 | D:4      | Killed a swamp drake
  4345 | D:4      | Reached skill level 3 in Short Blades
  4737 | D:4      | Gained mutation: You curl defensively after being hit. (AC
                  | +7*) [Palentonga growth]
  4737 | D:4      | Reached XP level 7. HP: 55/55 MP: 7/7
  5179 | D:5      | Entered Level 5 of the Dungeon
  5320 | D:5      | Reached skill level 4 in Short Blades
  5523 | D:5      | Found a staircase to the Ecumenical Temple.
  6000 | D:5      | Reached skill level 5 in Short Blades
  6699 | D:6      | Noticed a steam dragon
  6712 | D:6      | Killed a steam dragon
  6713 | D:6      | Reached skill level 6 in Short Blades
  6713 | D:6      | Reached XP level 8. HP: 42/62 MP: 5/8
  7013 | D:6      | Reached skill level 7 in Short Blades
  7054 | D:6      | Reached skill level 5 in Armour
  7179 | D:7      | Reached skill level 8 in Short Blades
  7464 | D:7      | Found a broken altar of Ashenzari.
  7494 | D:7      | Noticed Menkaure
  7501 | D:7      | Killed Menkaure
  7709 | D:7      | Reached XP level 9. HP: 61/67 MP: 7/9
  7725 | D:7      | Reached skill level 9 in Short Blades
  8812 | D:8      | Found a shimmering blue altar of Sif Muna.
  8855 | D:8      | Found a sacrificial altar of Ru.
  8936 | D:8      | Reached skill level 10 in Short Blades
  9084 | D:8      | Lost mutation: You are partially covered in iridescent
                  | scales. (AC +2) [potion of mutation]
  9084 | D:8      | Lost mutation: You have a somewhat thin skeletal structure.
                  | (Dex +2, Stealth+) [potion of mutation]
  9084 | D:8      | Gained mutation: You occasionally shout uncontrollably at
                  | your foes. [potion of mutation]
  9084 | D:8      | Gained mutation: Your muscles are strong. (Str +2) [potion
                  | of mutation]
  9084 | D:8      | Gained mutation: You sometimes lose the ability to read
                  | scrolls when taking damage. [potion of mutation]
  9116 | D:8      | Found a bloodstained altar of Trog.
  9235 | D:8      | Noticed Erica
  9247 | D:8      | Killed Erica
  9347 | D:8      | Reached skill level 11 in Short Blades
  9690 | D:9      | Reached XP level 10. HP: 74/74 MP: 10/10
  9721 | D:9      | Found a staircase to the Lair.
  9982 | D:9      | Found a staircase to the Orcish Mines.
 10070 | D:9      | Found Doqyet's Mass Market.
 10078 | D:9      | Bought a +2 tower shield for 214 gold pieces
 10472 | D:9      | Found an iron altar of Okawaru.
 10652 | D:9      | Found a shadowy altar of Dithmenos.
 10753 | D:9      | Reached skill level 12 in Short Blades
 10851 | D:9      | Found a hazy altar of Hepliaklqana.
 10908 | D:9      | Found a white marble altar of Elyvilon.
 11004 | Lair:1   | Entered Level 1 of the Lair of Beasts
 11050 | Lair:1   | You fall into a shaft and drop 1 floor!
 11050 | Lair:2   | Noticed an eight-headed hydra
 11062 | Lair:2   | HP: 3/74 [five-headed hydra (12)]
 11062 | Lair:2   | HP: 1/74 [five-headed hydra (2)]
 11063 | Lair:2   | Slain by a five-headed hydra

Illustrated notes

Levels and vault maps discovered:
D:1:      wheals_arrival_shading, layout_basic, minmay_tetromino_s4
D:2:      cheibrodos_greedy_goblins, layout_rooms, serial_undead,
          serial_undead_a, serial_undead_d, serial_undead_e, serial_undead_a,
          st_stairs_9, minmay_shallow_snake_nest
D:3:      minmay_angry_zag, layout_rooms, nicolae_wu_jian_wuxing_cycle,
          mainiacjoe_overflow_concentric_impassable,
          hellmonk_ecumenical_altar_inner_sanctum
D:4:      layout_rooms, amethyst_killhole
D:5:      layout_basic, minmay_temple_entry_waves, kennysheep_windowed_goal
D:6:      minmay_opposing_rooms, layout_cave_pools, gup_sewer_entry_spiral
D:7:      layout_basic, lemuel_round_altar, grunt_tough_drop, uniq_menkaure
D:8:      layout_cave_pods, nicolae_sif_muna_condensation,
          gammafunk_temple_overflow_wave, lemuel_tele_altar,
          amcnicky_altar_gilded, uniq_erica
D:9:      cheibrodos_steamvent, layout_basic, nzn_hepliaklqana_mist_gate,
          general_overflow_altar, nicolae_elyvilon_temple_path,
          kennysheep_okawaru_gauntlet, dpeg_oklobed_lair, orc_0_dummy,
          minmay_shop_mass
Lair:1:   minmay_lair_venomous_thicket, layout_loops_ring, basic_altar,
          serial_bayou_shore_b, grunt_megastairs_5
Lair:2:   layout_cave_pods, minmay_swamp_entry_worms, grunt_megastairs_3

Skill      XL: |  1  2  3  4  5  6  7  8  9 10 |
---------------+-------------------------------+-----
Unarmed Combat | 3 4 5 |  5.1
Short Blades   | 2 3 6 8 11 12 | 12.0
Armour         | 3 4 5 6 7 |  7.3
Fighting       | |  3.0
Shields        | |  2.4

Action                   |  1- 3 |  4- 6 |  7- 9 | 10-12 || total
-------------------------+-------+-------+-------+-------++-------
Melee: Unarmed           |   132 |   162 |       |       ||   294
       Tailslap          |    13 |    30 |    96 |    46 ||   185
       Short sword       |       |   128 |   453 |   170 ||   751
       Scimitar          |       |       |       |     6 ||     6
 Abil: Rolling Charge    |     2 |       |       |     1 ||     3
Evoke: Wand              |       |     1 |       |       ||     1
  Use: Potion            |       |     5 |     5 |       ||    10
       Scroll            |       |     7 |     2 |       ||     9
Armor: Scale mail        |    72 |    31 |       |       ||   103
       Plate armour      |       |   160 |   114 |       ||   274
       Skin              |       |    11 |       |       ||    11
       Pearl dragon scal |       |       |    21 |    82 ||   103
Dodge: Dodged            |    32 |    61 |    58 |    49 ||   200
Block: Buckler           |    21 |    43 |    49 |    10 ||   123
       Tower shield      |       |       |       |    10 ||    10

Table legend: (Time is in decaauts)
 A = Elapsed time spent in this place.
 B = Non-inter-level travel time spent in this place.
 C = Inter-level travel time spent in this place.
 D = Time resting spent in this place.
 E = Time spent auto-exploring this place.
 F = Levels seen in this place.
 G = Mean time per level.
                   A        B        C        D        E       F      G
               +--------+--------+--------+--------+--------+-----+--------+
         Total |  10723 |  10359 |    364 |   3028 |   5797 |  11 |  974.8 |
       Dungeon |  10666 |  10302 |    364 |   3028 |   5772 |   9 | 1185.1 |
          Lair |     57 |     57 |      0 |      0 |     25 |   2 |   28.5 |
               +--------+--------+--------+--------+--------+-----+--------+

Top non-repeatable levels by time:
     D:3: 1687 daAuts
     D:9: 1489 daAuts
     D:1: 1427 daAuts
     D:5: 1416 daAuts
     D:7: 1205 daAuts
     D:4: 1097 daAuts
     D:8: 954 daAuts
     D:2: 893 daAuts
     D:6: 495 daAuts
  Lair:1: 42 daAuts
  Lair:2: 14 daAuts
